 Dungeon Crawl Stone Soup version 0.21.1-1-g345015f (webtiles) character file.

1967 JeffiDaFish the Fighter (level 9, -4/75 HPs)
             Began as a Demonspawn Chaos Knight on Feb 23, 2018.
             Splashed by a jelly's acid (9 damage)
             ... on level 7 of the Dungeon.
             The game lasted 00:10:37 (4793 turns).

JeffiDaFish the Fighter (Demonspawn Chaos Knight)   Turns: 4793, Time: 00:10:39

Health: -4/75      AC:  0    Str: 15    XL:     9   Next: 0%
Magic:  9/9        EV:  6    Int: 14    God:    Xom [...*..]
Gold:   349        SH:  0    Dex: 13    Spells: 5/8 levels left

rFire    + . .     SeeInvis .   t - +3 war axe (curse)
rCold    x . .     Gourm    .   (no shield)
rNeg     . . .     Faith    .   o - +0 chain mail (curse)
rPois    .         Spirit   .   (helmet restricted)
rElec    .         Reflect  .   (no cloak)
rCorr    .         Harm     .   f - +0 pair of gloves
MR       .....     Clarity  +   (no boots)
Stlth    ..........             (no amulet)
HPRegen  0.22/turn              d - ring of fire (curse)
MPRegen  0.11/turn              (no ring)

@: lethally poisoned (-4 -> -7), corroded, heavily drained
A: hooves 1, horns 2, iridescent scales 1, clarity, demonic guardian 1, powered
by pain 1
a: Renounce Religion


You were on level 7 of the Dungeon.
You worshipped Xom.
You were a favourite toy of Xom.
You were not hungry.

You visited 1 branch of the dungeon, and saw 7 of its levels.

You collected 349 gold pieces.

Inventory:

Hand Weapons
 a - a +1 hand axe of chaos
 t - a cursed +3 war axe (weapon)
Armour
 f - a +0 pair of gloves (worn)
 o - a cursed +0 chain mail (worn)
 s - a +3 leather armour
Jewellery
 d - a cursed ring of fire (left hand)
 g - an uncursed amulet of rage
 l - an uncursed amulet of faith
Wands
 b - a wand of paralysis (10)
 h - a wand of polymorph (19)
 n - a wand of iceblast (6)
Scrolls
 i - 2 scrolls of identify
 k - a scroll of immolation
 p - a scroll of fear
 r - a scroll of teleportation
 u - a scroll of magic mapping
Potions
 e - 2 potions of heal wounds
 m - a potion of agility
 q - a potion of curing
Books
 j - a book of Clouds

   Spells                             Type                      Level
   a - Poisonous Vapours              Poison/Air                   2
   b - Mephitic Cloud                 Conjuration/Poison/Air       3
   c - Conjure Flame                  Conjuration/Fire             3
   d - Freezing Cloud                 Conjuration/Ice/Air          6
   e - Ring of Flames                 Charms/Fire                  7
 w - a Young Poisoner's Handbook

   Spells                             Type                      Level
   a - Sting                          Conjuration/Poison           1
   b - Poisonous Vapours              Poison/Air                   2
   c - Mephitic Cloud                 Conjuration/Poison/Air       3
   d - Olgreb's Toxic Radiance        Poison                       4
   e - Venom Bolt                     Conjuration/Poison           5
Comestibles
 c - 6 rations
 v - 10 chunks of flesh


   Skills:
 * Level 8.7(6.9) Fighting
 * Level 7.9(6.1) Axes
 - Level 2.3(0.8) Armour
 - Level 1.3(0.0) Dodging
 - Level 0.1(0.0) Stealth


You had 5 spell levels left.
You knew the following spells:

 Your Spells              Type           Power        Failure   Level  Hunger
a - Mephitic Cloud        Conj/Pois/Air  #.......     100%        3    ####...


Dungeon Overview and Level Annotations

Branches:
Dungeon (7/15)             Temple (0/1) D:4

Altars:
Ashenzari
Hepliaklqana
Nemelex Xobeh
Okawaru
Qazlal
Uskayaw
Vehumet
Wu Jian

Shops:
D:5 *

Annotations:
D:4 exclusion: statue


Innate Abilities, Weirdness & Mutations

You have a pair of horns on your head.
You are partially covered in iridescent scales. (AC +2)
A weak demonic guardian rushes to your aid.
You sometimes gain a little power by taking damage.
You have large cloven feet.
You possess an exceptional clarity of mind.


Message History

You hit the jelly but do no damage.
Your hands burn!
You headbutt the jelly.
The jelly is heavily wounded.
You hit the worker ant but do no damage.
You feel sick. The jelly barely misses you. The worker ant bites you.
The jelly hits you.
You are splashed with acid!
The acid burns!
* * * LOW HITPOINT WARNING * * *
You hit the jelly but do no damage.
Your hands burn!
* * * LOW HITPOINT WARNING * * *
You emit a cloud of colourful smoke!
You kick the jelly, but do no damage.
You headbutt the jelly, but do no damage.
The jelly is heavily wounded.
You hit the worker ant but do no damage.
You feel sick. The worker ant bites you.
* * * LOW HITPOINT WARNING * * *
The jelly hits you.
* * * LOW HITPOINT WARNING * * *
You are splashed with acid!
The acid burns!
You die...
Xom thinks this is hilarious!

##### ....
... ...
#.####
.#.###a##§#
......J@§.+
...###§##.#
#.#..+ .
#.#..#...#
#<.......+
#.########
#.. ####


You could see a jelly and a worker ant.

Vanquished Creatures
  Pikel (D:4)
  The ghost of JeffiDaFish the Ducker, an amateur DsCK of Xom (D:4)
  A slave (D:4)
  A phantom (D:5)
  3 ogres (D:5)
  A centaur (D:5)
  Blork the orc (D:6)
  2 scorpions
  3 wights (D:6)
  A howler monkey (D:6)
  A crimson imp (D:5)
  2 jellies
  2 orc priests (D:5)
  An iguana (D:2)
  An orc wizard (D:6)
  Natasha (twice) (D:4)
  A worker ant (D:5)
  2 adders
  A gnoll (D:6)
  4 worms
  2 dart slugs
  4 leopard geckos
  17 orcs
  A ball python (D:1)
  9 giant cockroaches
  6 goblins
  8 hobgoblins
  4 jackals (D:2)
  2 quokkas (D:4)
  7 bats
  6 frilled lizards
  5 kobolds
  A leopard gecko skeleton (D:5)
  A quokka skeleton (D:5)
  6 rats
111 creatures vanquished.

Vanquished Creatures (collateral kills)
  A phantom (D:6)
  A bullfrog (D:6)
  A scorpion (D:4)
  2 wights (D:6)
  Ijyb (D:3)
  A worker ant (D:4)
  2 gnolls (D:6)
  A worm (D:3)
  An orc (D:5)
  A bat (D:3)
  2 kobolds (D:3)
14 creatures vanquished.

Vanquished Creatures (others)
  A slave (D:4)
  Natasha (D:4)
  An ooze (D:2)
  A leopard gecko (D:4)
  A giant cockroach (D:2)
5 creatures vanquished.

Grand Total: 130 creatures vanquished

Notes
Turn   | Place    | Note
-------+----------+-------------------------------------------
     0 | D:1      | JeffiDaFish the Demonspawn Chaos Knight began the quest for the Orb.
     0 | D:1      | Reached XP level 1. HP: 18/18 MP: 1/1
    69 | D:1      | XOM: harmless Pois miscast
   158 | D:1      | Gained mutation: A weak demonic guardian rushes to your aid. [demonic ancestry]
   158 | D:1      | Reached XP level 2. HP: 16/24 MP: 2/2
   223 | D:1      | XOM: divination: magic mapping
   806 | D:2      | Found a hide-covered altar of Uskayaw.
   923 | D:2      | Reached skill level 1 in Dodging
   937 | D:2      | Gained mutation: You are partially covered in iridescent scales. (AC +2) [demonic ancestry]
   937 | D:2      | Reached XP level 3. HP: 29/29 MP: 3/3
  1107 | D:2      | XOM: silly message
  1112 | D:2      | Reached XP level 4. HP: 20/37 MP: 4/4
  1201 | D:2      | XOM: divination: detect creatures
  1204 | D:2      | Reached skill level 4 in Fighting
  1233 | D:2      | XOM: divination: detect creatures
  1408 | D:3      | Noticed Ijyb
  1422 | D:3      | Found a sparkling altar of Nemelex Xobeh.
  1424 | D:3      | XOM: god gift: purple potion {god gift}
  1429 | D:3      | XOM: god gift: book of Clouds
  1575 | D:3      | Learned a level 3 spell: Mephitic Cloud
  1720 | D:3      | Killed Ijyb
  1958 | D:3      | XOM: give mutations
  1958 | D:3      | Gained mutation: You possess an exceptional clarity of mind. [Xom's grace]
  1958 | D:3      | Gained mutation: You have large cloven feet. [Xom's grace]
  2078 | D:4      | XOM: noise
  2096 | D:4      | Gained mutation: You sometimes gain a little power by taking damage. [demonic ancestry]
  2096 | D:4      | Reached XP level 5. HP: 13/43 MP: 5/5
  2097 | D:4      | HP: 1/43 [worker ant (6)]
  2177 | D:4      | Noticed a slave
  2180 | D:4      | Noticed JeffiDaFish's ghost (amateur DsCK)
  2181 | D:4      | Noticed Pikel
  2183 | D:4      | Noticed a slave
  2186 | D:4      | Noticed a slave
  2189 | D:4      | Killed a slave
  2193 | D:4      | Killed Pikel
  2193 | D:4      | Reached skill level 6 in Fighting
  2193 | D:4      | Reached skill level 5 in Axes
  2193 | D:4      | Gained mutation: You have a pair of small horns on your head. [demonic ancestry]
  2193 | D:4      | Reached XP level 6. HP: 32/52 MP: 6/6
  2193 | D:4      | Reached XP level 7. HP: 36/58 MP: 7/7
  2194 | D:4      | Killed JeffiDaFish's ghost
  2196 | D:4      | Noticed Natasha
  2200 | D:4      | Killed Natasha
  2233 | D:4      | Found a staircase to the Ecumenical Temple.
  2331 | D:4      | Noticed Natasha
  2337 | D:4      | Killed Natasha
  2518 | D:4      | Killed Natasha
  2755 | D:4      | Found a radiant altar of Vehumet.
  3014 | D:5      | Entered Level 5 of the Dungeon
  3053 | D:5      | Reached skill level 7 in Fighting
  3059 | D:5      | XOM: polymorph quasit -> crimson imp
  3065 | D:5      | Reached XP level 8. HP: 46/67 MP: 8/8
  3107 | D:5      | Found a stormy altar of Qazlal.
  3107 | D:5      | XOM: 4-stop teleportation journey
  3266 | D:5      | Found Zaullotz's General Store.
  3912 | D:6      | Reached skill level 8 in Fighting
  3954 | D:6      | XOM: harmless Erth miscast
  3962 | D:6      | XOM: cast spell 'Call Canine Familiar'
  3980 | D:6      | XOM: harmless Tloc miscast
  4285 | D:6      | Found a hazy altar of Hepliaklqana.
  4285 | D:6      | XOM: cast spell 'Death Channel'
  4290 | D:6      | Found a shattered altar of Ashenzari.
  4293 | D:6      | Found an iron altar of Okawaru.
  4410 | D:6      | Found an ornate altar of the Wu Jian Council.
  4421 | D:6      | Noticed Blork the orc
  4534 | D:6      | XOM: summons 1 hostile demon
  4564 | D:6      | Killed Blork the orc
  4610 | D:6      | XOM: chaos cloud
  4617 | D:6      | Gained mutation: You have a pair of horns on your head. [demonic ancestry]
  4617 | D:6      | Reached XP level 9. HP: 71/75 MP: 9/9
  4793 | D:7      | XOM: smoke on damage
  4793 | D:7      | Splashed by a jelly's acid

Skill      XL: |  1  2  3  4  5  6  7  8 |
---------------+-------------------------+-----
Armour         | 2 |  2.3
Axes           | 3 4 5 6 7 |  7.9
Dodging        | 1 |  1.3
Fighting       | 4 6 7 8 |  8.7
Stealth        | |  0.1

Action                   |  1- 3 |  4- 6 |  7- 9 || total
-------------------------+-------+-------+-------++-------
Melee: Hand axe          |    87 |   105 |   114 ||   306
       Kick              |       |     4 |    34 ||    38
       Headbutt          |       |       |    24 ||    24
       War axe           |       |       |    41 ||    41
       Unarmed           |       |       |     3 ||     3
  Use: Potion            |     4 |     5 |     3 ||    12
       Scroll            |     2 |     5 |     7 ||    14
 Stab: Sleeping          |     2 |       |       ||     2
       Paralysed         |     3 |       |     2 ||     5
       Confused          |       |     2 |       ||     2
       Distracted        |       |       |     1 ||     1
  Eat: Chunk             |     1 |     3 |     9 ||    13
Armor: Leather armour    |    24 |    22 |       ||    46
       Chain mail        |       |    38 |    69 ||   107
Dodge: Dodged            |    55 |    49 |    51 ||   155
